 Dungeon Crawl Stone Soup version 0.23.2-40-g277498a001 (webtiles) character file.

Game seed: 17618756180060579656

109 Emblim88 the Sneak (level 4, 0/30 HPs)
             Began as an Octopode Assassin on Oct 17, 2019.
             Killed from afar by an orc wizard (8 damage)
             ... with a magic dart
             ... on level 3 of the Dungeon.
             The game lasted 00:04:54 (2197 turns).

Emblim88 the Sneak (Octopode Assassin)              Turns: 2197, Time: 00:04:54

Health: 0/30       AC:  1    Str: 10    XL:     4   Next: 90%
Magic:  4/4        EV: 13    Int: 13    God:
Gold:   67         SH:  0    Dex: 14    Spells: 3/3 levels left

rFire    . . .     SeeInvis .   a - +2 dagger
rCold    . . .     Gourm    .   (no shield)
rNeg     + . .     Faith    +   (helmet restricted)
rPois    .         Spirit   .   k - amulet of faith
rElec    .         Reflect  .   n - ring of positive energy
rCorr    .         Harm     .   (no ring)
MR       .....                  (no ring)
Stlth    ++++......             (no ring)
HPRegen  0.10/turn              (no ring)
MPRegen  0.09/turn              (no ring)
                                (no ring)
                                (no ring)

@: no status effects
A: almost no armour, stealthy swim, amphibious, 8 rings, constrict 8, camouflage
1, gelatinous body 1
a: no special abilities


You were on level 3 of the Dungeon.
You were hungry.

You visited 1 branch of the dungeon, and saw 3 of its levels.

You collected 67 gold pieces.

Inventory:

Hand Weapons
 a - a +2 dagger (weapon)
 b - a +0 blowgun
Missiles
 c - 17 poisoned needles
 d - 2 curare-tipped needles
Jewellery
 k - an amulet of faith (around mantle)
 n - a ring of positive energy (left tentacle)
Scrolls
 g - 3 scrolls of remove curse
 l - 3 scrolls of teleportation
 m - a scroll of magic mapping
 q - a scroll of amnesia
 r - 2 scrolls of random uselessness
Potions
 e - a potion of invisibility
 i - a potion of cancellation {unknown}
 j - a potion of flight {unknown}
 o - a potion of might {unknown}
 p - a potion of curing
Comestibles
 f - 4 rations


   Skills:
 + Level 2.5 Fighting
 + Level 2.5 Short Blades
 * Level 3.1 Throwing
 + Level 1.7 Dodging
 * Level 6.4 Stealth


You had 3 spell levels left.
You didn't know any spells.
Your spell library was empty.

Dungeon Overview and Level Annotations

Branches:
Dungeon (3/15)

Altars:
Trog
Xom


Innate Abilities, Weirdness & Mutations

You cannot wear most types of armour.
You are very stealthy in the water. (Stealth+)
You are amphibious.
You can wear up to eight rings at the same time.
You can use your tentacles to constrict eight enemies at once.
Your skin changes colour to match your surroundings (Stealth+).
Your rubbery body absorbs attacks. (AC +1, EV +1)


Message History

You are confused.
You bump into the rock wall.
Something hits you but does no damage.
You bump into the rock wall.
Something barely misses you.
You closely miss something. Your squeeze misses something.
You hear some strange, mumbled words.
You are more confused.
You bump into the rock wall.
Something hits you.
You closely miss something. Something hits you.
* * * LOW HITPOINT WARNING * * *
You closely miss something. Something hits you.
* * * LOW HITPOINT WARNING * * *
It was a potion of curing.
You feel better. Something hits you.
Okay, then.
You hit something. Something hits you.
* * * LOW HITPOINT WARNING * * *
You hit something.
You hear some strange, mumbled words.
A magic dart appears from out of thin air!
The magic dart hits you!
You die...

.# o.......)# .#
....o...# . .#
.......#.. .#
......... ####
#.!....# ...## #..#
##..######. #..#
###........ #####..#
###...########..@{..#
##..#.....#....###.##
...######...#### #.#
...# #....(## #.#
...# #.##...# #..
...###.####..# #..
.......# .## #..#
...##### .# .## ...#
##


There were no monsters in sight!

Vanquished Creatures
  An orc priest (D:3)
  2 adders (D:2)
  An ooze (D:2)
  A dart slug (D:1)
  A ball python (D:2)
  3 bats (D:1)
  4 giant cockroaches
  8 goblins
  13 hobgoblins
  6 kobolds
  9 frilled lizards
  7 rats
56 creatures vanquished.

Notes
Turn   | Place    | Note
-------+----------+-------------------------------------------
     0 | D:1      | Emblim88 the Octopode Assassin began the quest for the Orb.
     0 | D:1      | Reached XP level 1. HP: 14/14 MP: 1/1
   279 | D:1      | Reached XP level 2. HP: 19/19 MP: 2/2
   803 | D:1      | Reached XP level 3. HP: 19/24 MP: 3/3
  1395 | D:2      | Reached skill level 6 in Stealth
  1514 | D:2      | Reached XP level 4. HP: 25/30 MP: 4/4
  2043 | D:2      | Found a bloodstained altar of Trog.
  2069 | D:2      | Found a shimmering altar of Xom.
  2197 | D:3      | Killed from afar by an orc wizard

Skill      XL: |  1  2  3  4 |
---------------+-------------+-----
Stealth        | 6 |  6.4
Throwing       | 3 |  3.1
Fighting       | |  2.5
Short Blades   | |  2.5
Dodging        | |  1.7

Action                   |  1- 3 |  4- 6 || total
-------------------------+-------+-------++-------
Melee: Dagger            |    78 |    31 ||   109
       Constrict         |    17 |     5 ||    22
       Tentacles         |    10 |     3 ||    13
  Use: Scroll            |       |     6 ||     6
       Potion            |       |     1 ||     1
 Stab: Sleeping          |    13 |     6 ||    19
       Distracted        |     1 |       ||     1
  Eat: Chunk             |     1 |     2 ||     3
Armor: Skin              |     6 |       ||     6
Dodge: Dodged            |    43 |    10 ||    53
